 Dungeon Crawl Stone Soup version 0.30.1-11-g7821555f0a (webtiles) character file.

Game seed: 5344954254412491206

7 Martska the Trooper (level 1, 0/18 HPs)
             Began as a Demonspawn Fighter on Dec 10, 2023.
             Slain by a goblin
             ... wielding a +0 club
              (3 damage)
             ... on level 1 of the Dungeon.
             The game lasted 00:00:16 (80 turns).

Martska the Trooper (Demonspawn Fighter)              Turns: 80, Time: 00:00:16

Health: 0/18       AC:  6    Str: 16    XL:     1   Next: 91%
Magic:  1/1        EV:  9    Int:  9    God:
Gold:   19         SH:  4    Dex: 12    Spells: 0/0 levels left

rFire   . . .        a - +0 flail
rCold   . . .        c - +0 buckler
rNeg    . . .        b - +0 scale mail
rPois   .            (no helmet)
rElec   .            (no cloak)
rCorr   .            (no gloves)
SInv    .            (no boots)
Will    .....        (no amulet) Stlth
                     (no ring)
HPRegen 0.23/turn    (no ring)
MPRegen 0.07/turn

%: no passive effects
@: no status effects
A: no striking features
a: no special abilities


You were on level 1 of the Dungeon.
You visited 1 branch of the dungeon, and saw 1 of its levels.

You collected 19 gold pieces.

Inventory:

Hand Weapons
 a - a +0 flail (weapon)
Armour
 b - a +0 scale mail (worn)
 c - a +0 buckler (worn)
Scrolls
 e - a scroll of identify {unknown}
Potions
 d - a potion of might


   Skills:
 * Level 3.2 Fighting
 - Level 1.7 Maces & Flails
 + Level 2.7 Armour
 * Level 0.5 Dodging
 + Level 2.7 Shields


You couldn't memorise any spells.
You didn't know any spells.
Your spell library was empty.

Dungeon Overview and Level Annotations

Branches:
Dungeon (1/15)

Altars:


Message History

You are too injured to fight recklessly!
You are too injured to fight recklessly!
You are too injured to fight recklessly!
You are too injured to fight recklessly!
You are too injured to fight recklessly!
You are too injured to fight recklessly!
You are too injured to fight recklessly!
You are too injured to fight recklessly!
You are too injured to fight recklessly!
You are too injured to fight recklessly!
You are too injured to fight recklessly!
You are too injured to fight recklessly!
You are too injured to fight recklessly!
You are too injured to fight recklessly!
You are too injured to fight recklessly!
You barely miss the hobgoblin.
The hobgoblin is almost dead.
The goblin misses you. The rat barely misses you.
You block the hobgoblin's attack.
You barely miss the hobgoblin.
The hobgoblin is severely wounded.
The goblin hits you but does no damage.
The hobgoblin hits you but does no damage.
The rat closely misses you.
You sock the hobgoblin!
You kill the hobgoblin!
The goblin hits you but does no damage.
The rat bites you but does no damage. x2
The goblin barely misses you.
You barely miss the rat. The goblin hits you with a +0 club. The rat bites you.
* * * LOW HITPOINT WARNING * * *
You hit the rat.
You kill the rat!
The goblin barely misses you.
You closely miss the goblin. The goblin hits you but does no damage.
The goblin hits you with a +0 club.
* * * LOW HITPOINT WARNING * * *
You barely miss the goblin. The goblin hits you but does no damage.
You barely miss the goblin. The goblin closely misses you.
The goblin hits you with a +0 club.
You die...

...... ......
.....#...........
.................8.....8
..# #.##...............
######....##............
...................>....
#....#..................
.........###....†g......
†....#.....#....@8.....8
#.#..........!..........
#..........##.....#.####
##.###.....###...#..#
##'###...............#
#...###..............#
..>.#Z#....#...........
#...###....#...........
##+## #.###......####


You could see a goblin.

Vanquished Creatures
  A giant cockroach (D:1)
  3 hobgoblins (D:1)
  2 ball pythons (D:1)
  A rat (D:1)
7 creatures vanquished.

Notes
Turn   | Place    | Note
-------+----------+-------------------------------------------
     0 | D:1      | Martska the Demonspawn Fighter began the quest for the Orb.
     0 | D:1      | Reached XP level 1. HP: 18/18 MP: 1/1
    15 | D:1      | Noticed a minotaur zombie
    80 | D:1      | Slain by a goblin

Illustrated notes

Levels and vault maps discovered:
D:1:      shiori_arrival_whats_in_store_for_you, layout_rooms, st_stairs_1

Action                     || total
---------------------------++-------
  Melee: Flail             ||    19
 Armour: Scale mail        ||    16
  Dodge: Dodged            ||    12
  Block: Buckler           ||     3
